 Dungeon Crawl Stone Soup version 0.31.0-12-g77e489cdc1 (webtiles) character file.

Game seed: 5206291429422563186

453 spaghetti the Ducker (level 7, -2/52 HPs)
             Began as a Merfolk Artificer on Feb 16, 2024.
             Was a Follower of Ru.
             Slain by Duvessa
             ... wielding a +0 short sword
              (18 damage)
             ... on level 6 of the Dungeon.
             The game lasted 00:05:08 (3520 turns).

spaghetti the Ducker (Merfolk Artificer)            Turns: 3520, Time: 00:05:08

Health: -2/52      AC:  6    Str: 12    XL:     7   Next: 5%
Magic:  7/7        EV: 29    Int: 10    God:    Ru [*.....]
Gold:   129        SH:  0    Dex: 17    Spells: 6/6 levels left

rFire   . . .        h - +1 dagger (pain)
rCold   . . .        (no shield)
rNeg    . . .        b - +0 leather armour
rPois   .            g - +0 helmet
rElec   .            (no cloak)
rCorr   .            n - +1 pair of gloves
SInv    .            (no boots)
Will    .....        t - amulet of the acrobat
Stlth   ++           (no ring)
HPRegen 0.28/turn    (no ring)
MPRegen 0.10/turn

%: inaccuracy (-5), acrobat
@: acrobatic
A: missing an eye, (nimble swimmer 2), mertail
a: Renounce Religion


You were on level 6 of the Dungeon.
You worshipped Ru.
Ru was aware of your devotion.
You visited 1 branch of the dungeon, and saw 5 of its levels.

You collected 129 gold pieces.

Inventory:

Hand Weapons
 a - a +0 club
 h - a +1 dagger of pain (weapon)
Armour
 b - a +0 leather armour (worn)
 g - a +0 helmet (worn)
 n - a +1 pair of gloves (worn)
Jewellery
 j - an amulet of reflection
 l - a ring of willpower
 o - a ring of see invisible
 t - an amulet of the acrobat (around neck)
Wands
 c - a wand of flame (9)
 d - a wand of charming (10)
 e - a wand of iceblast (1)
Scrolls
 f - a scroll of blinking
 k - 2 scrolls of noise
 p - a scroll of silence
 s - a scroll of vulnerability
Potions
 i - a potion of magic
 m - a potion of attraction


   Skills:
 + Level 3.5 Fighting
 + Level 3.3 Short Blades
 + Level 2.3 Armour
 + Level 4.9 Dodging
 + Level 3.7 Stealth
 - Level 3.0 Evocations


You had 6 spell levels left.
You didn't know any spells.
Your spell library contained the following spells:

 Spells                   Type           Power      Damage    Failure   Level
 Summon Small Mammal      Summ           0%         N/A       43%         1
 Call Canine Familiar     Summ           0%         N/A       82%         3
 Summon Blazeheart Golem  Fire/Summ      0%         N/A       99%         4
 Alistair's Intoxication  Alch           0%         N/A       100%        5
 Borgnjor's Vile Clutch   Necr/Erth      0%         N/A       100%        5
 Eringya's Noxious Bog    Alch           0%         4d6       100%        6


Dungeon Overview and Level Annotations

Branches:
Dungeon (6/15)
 Temple: D:4-7

Altars:
Ru
Uskayaw
Vehumet
Xom

Annotations:
D:6 Duvessa


Innate Abilities, Weirdness & Mutations

You are missing an eye, making it more difficult to aim.
((You are very nimble when in or above water. (Stealth+, EV+, Speed+++)))
Your lower body shifts to a powerful aquatic tail in water.


Message History

You are too injured to fight recklessly!
You are too injured to fight recklessly!
You are too injured to fight recklessly!
You are too injured to fight recklessly!
You are too injured to fight recklessly!
You are too injured to fight recklessly!
You are too injured to fight recklessly!
You are too injured to fight recklessly!
You are too injured to fight recklessly!
You are too injured to fight recklessly!
You are too injured to fight recklessly!
Unknown command.
You hit Duvessa but do no damage.
Duvessa is lightly wounded.
Duvessa hits you with a +0 short sword.
You closely miss Duvessa.
Duvessa is lightly wounded.
Duvessa misses you.
You hit Duvessa.
Duvessa is moderately wounded.
Duvessa hits you with a +0 short sword!
Duvessa is stunned by your conviction and fails to attack.
Unknown command.
You barely miss Duvessa.
Duvessa is moderately wounded.
Duvessa hits you with a +0 short sword!
* * * LOW HITPOINT WARNING * * *
Unknown command.
Aiming: Charm
Press: ? - help, Shift-Dir - straight line, f - Duvessa
Aim: Duvessa, wielding a +0 short sword and wearing a +0 ring mail (moderately wounded, berserk, chance to affect: 38%) Duvessa is charmed.
Duvessa rages.
Unknown command.
Unknown command.
You start resting.
Duvessa rages.
Duvessa is no longer charmed.
Duvessa hits you with a +0 short sword!!
You die...

...'....####.'.......## #.#
......####.....##....# #.#
##..####....######.#.####.#
######.....## #........# #
## #.....## ###.###### #
..####....## #.#
....####...# #.#
#....####.##### #.#
#..........e@# #.#
#####...#.####.# #.#
#.........####.# #.#
#.#.#...#.##.#.###.#
##.#.#..............#
.........#.##.#.#####
##.#.....#.####.#
####.##......#
#.####W##.######


You could see Duvessa (berserk).

Vanquished Creatures
  A black bear (D:6)
  Dowan (D:5)
  A hound (D:6)
  An orc priest (D:6)
  An iguana (D:3)
  An orc wizard (D:6)
  Natasha (D:3)
  2 adders (D:2)
  A dart slug (D:2)
  A ribbon worm (D:2)
  4 orcs (D:6)
  3 ball pythons (D:1)
  6 bats
  6 endoplasms
  4 giant cockroaches
  3 hobgoblins
  6 kobolds
  5 quokkas
  2 frilled lizards (D:1)
  2 goblins (D:2)
  6 rats
58 creatures vanquished.

Vanquished Creatures (collateral kills)
  A phantom (D:6)
  An orc wizard (D:6)
2 creatures vanquished.

Grand Total: 60 creatures vanquished

Notes
Turn   | Place    | Note
-------+----------+-------------------------------------------
     0 | D:1      | spaghetti the Merfolk Artificer began the quest for the
                  | Orb.
     0 | D:1      | Reached XP level 1. HP: 15/15 MP: 1/1
   327 | D:1      | Reached XP level 2. HP: 20/21 MP: 2/2
   335 | D:1      | Reached skill level 3 in Dodging
   446 | D:1      | Reached skill level 1 in Armour
  1030 | D:2      | Reached XP level 3. HP: 16/27 MP: 3/3
  1316 | D:2      | Reached skill level 1 in Short Blades
  1639 | D:2      | Reached XP level 4. HP: 33/33 MP: 4/4
  2054 | D:2      | Found a faded altar of an unknown god.
  2117 | D:2      | Prayed at the altar of an unknown god.
  2117 | D:2      | Became a worshipper of Ru the Awakened
  2135 | D:2      | Gained mutation: You are missing an eye, making it more
                  | difficult to aim. [Ru sacrifice]
  2135 | D:2      | Reached * piety under Ru
  2392 | D:3      | Found a shimmering altar of Xom.
  2446 | D:3      | Noticed Natasha
  2452 | D:3      | Killed Natasha
  2460 | D:3      | Reached XP level 5. HP: 39/39 MP: 5/5
  2522 | D:3      | Found a radiant altar of Vehumet.
  2528 | D:3      | You fall into a shaft and drop 3 floors!
  2545 | D:5      | Entered Level 5 of the Dungeon
  2581 | D:6      | Reached skill level 4 in Dodging
  2914 | D:6      | Found a hide-covered altar of Uskayaw.
  3212 | D:6      | Reached XP level 6. HP: 12/47 MP: 6/6
  3410 | D:6      | Noticed a black bear
  3430 | D:6      | Killed a black bear
  3453 | D:5      | Noticed Duvessa
  3453 | D:5      | Noticed Dowan
  3455 | D:5      | Killed Dowan
  3464 | D:6      | Reached XP level 7. HP: 33/52 MP: 7/7
  3520 | D:6      | Slain by Duvessa

Illustrated notes

Levels and vault maps discovered:
D:1:      saegor_arrival_simple_c, layout_basic
D:2:      layout_loops_corners, hellmonk_ecumenical_altar_leap_of_faith
D:3:      layout_rooms, xom_teletrap_fun, mainiacjoe_overflow_brackets,
          gup_sewer_entry_bubbles, serial_park_tiny_1, uniq_natasha
D:5:      layout_gridville, lemuel_crystal_altar, grunt_ministairs_1,
          uniq_duvessa
D:6:      layout_loops_corners, lightli_temple_of_fire,
          eat_drink_and_be_merry_uskayaw, columned_hall_lemuel,
          minmay_misc_feat_x, serial_bayou_pond_e

Skill      XL: |  1  2  3  4  5  6 |
---------------+-------------------+-----
Dodging        | 3 4 |  4.9
Armour         | 1 2 |  2.3
Short Blades   | 1 2 3 |  3.3
Fighting       | 2 3 |  3.5
Stealth        | 2 3 |  3.7
Evocations     | |  3.0

Action                     |  1- 3 |  4- 6 |  7- 9 || total
---------------------------+-------+-------+-------++-------
  Melee: Club              |    38 |       |       ||    38
         Punch             |     1 |     1 |       ||     2
         Dagger            |   143 |   161 |     7 ||   311
 Invoke: Sacrifice an Eye  |       |     1 |       ||     1
  Evoke: Wand              |     3 |    11 |     1 ||    15
    Use: Potion            |     2 |    11 |       ||    13
         Scroll            |     1 |     7 |       ||     8
   Stab: Sleeping          |     3 |     2 |       ||     5
 Armour: Leather armour    |   101 |   122 |     5 ||   228
         Skin              |     5 |    59 |       ||    64
  Dodge: Dodged            |   113 |    93 |     6 ||   212
